 Dungeon Crawl Stone Soup version 0.18-a0-971-g0af6217 (webtiles) character file.

344 JokEr the Poker (level 6, -2/52 HPs)
             Began as a Merfolk Fighter on Jan 2, 2016.
             Slain by a quokka (4 damage)
             ... on level 4 of the Dungeon.
             The game lasted 00:08:41 (3380 turns).

JokEr the Poker (Merfolk Fighter)                   Turns: 3380, Time: 00:08:41

Health: -2/52      AC:  6    Str: 23    XL:     6   Next: 58%
Magic:  6/6        EV:  7    Int:  8    God:
Gold:   102        SH: 11    Dex: 16    Spells: 0 memorised, 5 levels left

rFire  . . .     SeeInvis .     a - +0 trident
rCold  . . .     Gourm    .     b - +0 scale mail
rNeg   . . .     Faith    .     c - +1 shield
rPois  .         Spirit   .     (no helmet)
rElec  .         Dismiss  .     (no cloak)
rCorr  .         Reflect  .     (no gloves)
SustAt .         Harm     .     (no boots)
MR     .....                    (no amulet)
Stlth  ..........               (no ring)
                                r - +3 ring of dexterity

@: mighty, not resistant to hostile enchantments, extremely unstealthy
A: change form in water, swift swim
a: no special abilities


You were on level 4 of the Dungeon.
You were hungry.

You visited 1 branch of the dungeon, and saw 4 of its levels.

You collected 102 gold pieces.

Inventory:

Hand Weapons
 a - a +0 trident (weapon)
Armour
 b - a +0 scale mail (worn)
 c - a +1 shield (worn)
Jewellery
 r - a +3 ring of dexterity (left hand)
Wands
 i - a wand of digging (8/24)
Scrolls
 l - 3 scrolls of remove curse
 o - 2 scrolls of teleportation
Potions
 e - a potion of brilliance
 j - a potion of mutation
 n - 4 potions of poison
 p - a potion of lignification {unknown}
 q - a potion of resistance {unknown}
Comestibles
 f - 3 bread rations
 g - 3 meat rations
 h - 2 beef jerkies
 m - 7 chunks of flesh
 s - a royal jelly


   Skills:
 + Level 5.7 Fighting
 + Level 7.5 Polearms
 - Level 2.1 Armour
 - Level 3.0 Shields


You had 5 spell levels left.
You didn't know any spells.

Dungeon Overview and Level Annotations

Branches:
Dungeon (4/15)
 Temple: D:4-7

Altars:
Pakellas
Trog

Annotations:
D:4 2 runed doors


Message History

You closely miss the yak.
The yak is lightly wounded.
The yak gores you!
* * * LOW HITPOINT WARNING * * *
The quokka bites you but does no damage.
Drink which item? (? for menu, Esc to quit)
You feel better. You block the yak's attack.
Drink which item? (? for menu, Esc to quit)
You feel very mighty all of a sudden. The yak gores you but does no damage.
The quokka closely misses you.
You are feeling hungry.
You puncture the yak!
The yak is heavily wounded.
The yak gores you. You block the quokka's attack.
You puncture the yak!
The yak is almost dead.
The yak gores you!
* * * LOW HITPOINT WARNING * * *
The quokka bites you.
You die...

####### ##.....#####
#..........###
#...######...#
#######..##8(|8##..#
####).....)@#8....8#..#
#....>.....rY......+..#
#.##........'......+..# #
######.#.#8....8#..######
.....##8[:8##........
........######.....####
.....###+# #+###.....
....# ##.### .... #.###


You could see a yak and a quokka.

Vanquished Creatures
  An ogre (D:4)
  Jessica (D:3)
  A worker ant (D:3)
  Terence (D:3)
  3 gnolls (D:3)
  7 adders
  2 worms
  3 giant geckos
  An orc (D:3)
  7 giant cockroaches
  6 goblins
  6 hobgoblins
  11 jackals
  2 quokkas
  7 bats
  7 giant newts
  13 kobolds
  14 rats
93 creatures vanquished.

Notes
Turn   | Place    | Note
--------------------------------------------------------------
     0 | D:1      | JokEr the Merfolk Fighter began the quest for the Orb.
     0 | D:1      | Reached XP level 1. HP: 18/18 MP: 1/1
   118 | D:1      | Reached XP level 2. HP: 16/24 MP: 2/2
   425 | D:1      | Reached skill level 4 in Polearms
   494 | D:1      | Reached XP level 3. HP: 30/30 MP: 3/3
  1024 | D:2      | Reached XP level 4. HP: 28/38 MP: 4/4
  1239 | D:2      | Reached skill level 5 in Polearms
  1982 | D:2      | Reached XP level 5. HP: 40/43 MP: 5/5
  1991 | D:2      | Found a bloodstained altar of Trog.
  2130 | D:3      | Reached skill level 6 in Polearms
  2258 | D:3      | Noticed Terence
  2276 | D:3      | Killed Terence
  2276 | D:3      | Reached skill level 5 in Fighting
  2438 | D:3      | Noticed Jessica
  2439 | D:3      | Killed Jessica
  2613 | D:3      | Reached XP level 6. HP: 34/51 MP: 6/6
  2871 | D:3      | Reached skill level 7 in Polearms
  2876 | D:3      | Found an oddly glowing altar of Pakellas.
  3227 | D:4      | Found a large runed door.
  3228 | D:4      | Found a large runed door.
  3248 | D:4      | Found a large runed door.
  3248 | D:4      | Found a large runed door.
  3267 | D:4      | Got a fine morningstar
  3268 | D:4      | Identified the +3 morningstar of Rotation {elec, +Rage rF+ rC- SInv} (You found it on level 4 of the Dungeon)
  3369 | D:4      | Noticed a yak
  3380 | D:4      | HP: 2/52 [yak (15)]
  3380 | D:4      | Slain by a quokka

Vault maps used:
D:1:      wheals_arrival_linesprint, minmay_crystal_water
D:2:      lightli_temple_of_fire, first_bread, grunt_ministairs_11,
          hangedman_decor_riveting
D:3:      st_stairs_9, grunt_pakellas_basics, uniq_terence, uniq_jessica
D:4:      minmay_hollow_rounded_squares

Action                   |  1- 3 |  4- 6 || total
-------------------------+-------+-------++-------
Melee: Trident           |   170 |   210 ||   380
  Use: Scroll            |     1 |     9 ||    10
       Potion            |       |     2 ||     2
  Eat: Chunk             |     1 |     7 ||     8
